 Dungeon Crawl Stone Soup version 0.22-a0-254-gaf95ca0 (webtiles) character file.

32 wvc the Ruffian (level 3, 0/28 HPs)
             Began as a Draconian Transmuter on Mar 4, 2018.
             Slain by a hobgoblin
             ... wielding a +0 club
             ... led by Robin
              (3 damage)
             ... on level 2 of the Dungeon.
             The game lasted 00:04:09 (1111 turns).

wvc the Ruffian (Draconian Transmuter)              Turns: 1111, Time: 00:04:09

Health: 0/28       AC:  5    Str: 12    XL:     3   Next: 8%
Magic:  5/7        EV: 17    Int: 14    God:
Gold:   60         SH:  0    Dex: 16    Spells: 3/7 levels left

rFire    . . .     SeeInvis .     - Unarmed
rCold    . . .     Gourm    .   (no shield)
rNeg     . . .     Faith    .   (armour unavailable)
rPois    .         Spirit   .   (helmet restricted)
rElec    .         Reflect  .   (no cloak)
rCorr    .         Harm     .   (no gloves)
MR       .....                  (boots currently unavailable)
Stlth    ++........             (no amulet)
HPRegen  0.09/turn              (no ring)
MPRegen  0.10/turn              (no ring)

@: agile, appendage, very slightly contaminated
A: unfitting armour, talons 3, cold-blooded, AC +5
a: End Transformation


You were on level 2 of the Dungeon.
You were not hungry.
You had grown temporary talons.
You visited 1 branch of the dungeon, and saw 2 of its levels.

You collected 60 gold pieces.

Inventory:

Missiles
 a - 32 arrows
 f - 9 poisoned needles
 h - a throwing net (quivered)
Scrolls
 d - a scroll of immolation {unknown}
 e - 3 scrolls of identify
 l - a scroll of remove curse {unknown}
Potions
 b - a potion of brilliance
 i - a potion of heal wounds {unknown}
 j - a potion of lignification {unknown}
Comestibles
 c - 4 rations
 k - 3 chunks of flesh


   Skills:
 - Level 1.1 Fighting
 - Level 1.7 Dodging
 - Level 3.0 Unarmed Combat
 + Level 2.8 Spellcasting
 + Level 2.8 Transmutations
 * Level 0.1 Poison Magic


You had 3 spell levels left.
You knew the following spells:

 Your Spells              Type           Power        Failure   Level  Hunger
a - Beastly Appendage     Tmut           #.....       7%          1    #......
b - Spider Form           Tmut/Pois      #.........   34%         3    ###....


Dungeon Overview and Level Annotations

Branches:
Dungeon (2/15)

Altars:
Qazlal

Annotations:
D:2 Robin


Innate Abilities, Weirdness & Mutations

Your plain brown scales are hard. (AC +5)
You cannot fit into any form of body armour.
You are cold-blooded and may be slowed by cold attacks.
You have claws for feet.


Message History

The hobgoblin shouts!
You hear a zap.
Some rock shatters into small pieces.
The goblin moves out of view.
The goblin hits you with a club.
* * * LOW HITPOINT WARNING * * *
Things that are here:
a dagger; a goblin corpse A goblin and Robin come into view.
The goblin shouts!
A goblin comes into view. It is wielding a club.
As you read the scroll labeled ULACRU MOEFENE, it crumbles to dust.
It is a scroll of identify.
b - a potion of brilliance The goblin hits you but does no damage.
The hobgoblin closely misses you.
Char dumped successfully.
It was a potion of agility.
You feel agile all of a sudden.
Robin roars a battlecry!
The goblins go into a battle-frenzy!
The goblin misses you. The hobgoblin hits you with a club.
You die...

..#### #....#
##############....####
#.....#.....##....##..
###.###.............##..
#§...≈###...........##..
###....g###...........##..
#...._ggg.#.....##..).##..
.#.....#@......##....##..
#§...g#g..#.###.........
###.###g....# #.........
... ......# #.........
..... ..gg...# #.........
..........g....#
#.........
......g.......g#
#.........
................
#......... ......g
#.........


You could see Robin, a hobgoblin and 8 goblins.

Vanquished Creatures
  3 dart slugs (D:1)
  A leopard gecko (D:2)
  2 bats (D:1)
  A giant cockroach (D:1)
  5 goblins
  3 hobgoblins
  4 kobolds (D:1)
  A frilled lizard (D:1)
  4 rats (D:1)
24 creatures vanquished.

Vanquished Creatures (others)
  A giant cockroach (D:2)
  A rat (D:2)
2 creatures vanquished.

Grand Total: 26 creatures vanquished

Notes
Turn   | Place    | Note
-------+----------+-------------------------------------------
     0 | D:1      | wvc the Draconian Transmuter began the quest for the Orb.
     0 | D:1      | Reached XP level 1. HP: 16/16 MP: 3/3
   304 | D:1      | Reached XP level 2. HP: 23/23 MP: 3/5
   933 | D:2      | Reached XP level 3. HP: 25/28 MP: 5/7
   938 | D:2      | Learned a level 3 spell: Spider Form
  1095 | D:2      | Found a stormy altar of Qazlal.
  1109 | D:2      | Noticed Robin
  1111 | D:2      | Slain by a hobgoblin

Vault maps used:
D:1:      minmay_arrival_pointy, minmay_unequal
D:2:      lemuel_round_altar, first_ration, grunt_qazlal_clouds, uniq_robin

Action                   || total
-------------------------++-------
Melee: Unarmed           ||    79
       Kick              ||     5
       Headbutt          ||     5
       Tailslap          ||     4
 Cast: Beastly Appendage ||    16
  Use: Scroll            ||     1
       Potion            ||     1
 Stab: Sleeping          ||     2
  Eat: Chunk             ||     1
Armor: Skin              ||    36
Dodge: Dodged            ||    50

Table legend:
 A = Spawn XP
 B = Non-spawn XP
 C = Spawn XP percentage of total XP
 D = Spawn monster count
 E = Non-spawn monster count
 F = Spawn count percentage of total count
 G = Total turns spent on level
                    A         B        C        D         E        F      G
               +---------+---------+-------+---------+---------+-------+---------
         Total |       0 |      46 |   0.0 |       0 |      24 |   0.0 |  1111
               +---------+---------+-------+---------+---------+-------+---------
           D:1 |       0 |      38 |   0.0 |       0 |      20 |   0.0 |   924
           D:2 |       0 |       8 |   0.0 |       0 |       4 |   0.0 |   187
               +---------+---------+-------+---------+---------+-------+---------
